 Dungeon Crawl Stone Soup version 0.31-a0-1278-g11c5b68f87 (webtiles) character file.

Game seed: 4871172073662609310

88 timneilson the Ruffian (level 4, -4/29 HPs)
             Began as an Octopode Shapeshifter on Dec 17, 2023.
             Slain by a goblin
             ... wielding a +0 dagger
              (5 damage)
             ... on level 3 of the Dungeon.
             The game lasted 00:03:44 (1360 turns).

timneilson the Ruffian (Octopode Shapeshifter)      Turns: 1360, Time: 00:03:44

Health: -4/29      AC:  1    Str: 15    XL:     4   Next: 53%
Magic:  4/4        EV: 13    Int: 12    God:
Gold:   55         SH:  0    Dex: 11    Spells: 3/3 levels left

rFire   . .          .
                       - Unarmed
rCold   . . .        (no shield)
rNeg    . . .        (helmet currently unavailable)
rPois   .            (no amulet)
rElec   .            (no ring)
rCorr   .            (no ring)
SInv    .            (no ring)
Will    .....        (no ring)
Stlth   +++          (no ring)
HPRegen 0.24/turn    (no ring)
MPRegen 0.09/turn    (no ring)
                     (no ring)

%: no passive effects
@: confused, beast-form, hasted, very quick
A: beast (slay +1), almost no armour, amphibious, 8 rings, camouflage 1,
gelatinous body 1, nimble swimmer 1, tentacles
a: Begin Untransformation


You were on level 3 of the Dungeon.
You were a hulking beast.
You visited 1 branch of the dungeon, and saw 3 of its levels.

You collected 55 gold pieces.

Inventory:

Talismans
 b - a beast talisman
 c - a flux talisman
Scrolls
 d - a scroll of teleportation
Potions
 a - a potion of lignification
 f - a potion of degeneration {unknown}
 g - a potion of might {unknown}


   Skills:
 * Level 2.1 Fighting
 * Level 2.8 Dodging
 + Level 1.3 Stealth
 * Level 3.6 Unarmed Combat
 * Level 3.4 Shapeshifting


You had 3 spell levels left.
You didn't know any spells.
Your spell library contained the following spells:

 Spells                   Type           Power      Damage    Failure   Level
 Fireball                 Conj/Fire      0%         3d3       100%        5
 Chain Lightning          Conj/Air       0%         N/A       100%        9


Dungeon Overview and Level Annotations

Branches:
Dungeon (3/15)

Altars:

Annotations:
D:3 Ijyb, Robin


Innate Abilities, Weirdness & Mutations

You are a hulking beast.
Your limbs bulge with bestial killing power. (Slay +1)
You cannot wear most types of armour.
You are amphibious.
You can wear up to eight rings at the same time.
Your skin changes colour to match your surroundings (Stealth+).
Your rubbery body absorbs attacks. (AC +1, EV +1)
You are camouflaged when in or above water. (Stealth+)
You have tentacles for arms and can constrict up to eight enemies at once.


Message History

Robin roars a battlecry!
The goblins go into a battle-frenzy!
Ijyb shouts!
The goblin shouts!
You tentacle-slap the goblin. You grab the goblin. You squeeze the goblin.
You kill the goblin!
Robin throws Ijyb at you! Ijyb closely misses you.
A hobgoblin comes into view.
An adder comes into view.
A kobold comes into view. It is wielding a +0 dagger.
Ijyb zaps a wand.
You resist with some effort.
You tentacle-slap Ijyb. Your grab misses Ijyb.
Ijyb is lightly wounded.
Robin throws the goblin at you! The goblin hits you with a +0 club.
Ijyb zaps a wand.
Your will is overpowered!
You are confused.
You bump into the rock wall.
The goblin barely misses you. Ijyb hits you with a +0 club.
The goblin hits you with a +0 club.
Unknown command.
The goblin hits you with a +0 club!
Ijyb zaps a wand.
Your will is overpowered!
You are more confused.
The goblin barely misses you.
You see here 7 stones.
The goblin hits you with a +0 club.
* * * LOW HITPOINT WARNING * * *
You enter the deep water.
You're too confused to move!
The goblin misses you.
You tentacle-slap the goblin.
You kill the goblin!
Robin throws the goblin at you! The goblin misses you.
You closely miss the goblin. The goblin hits you with a +0 dagger.
* * * LOW HITPOINT WARNING * * *
You tentacle-slap the goblin but do no damage.
Ijyb zaps a wand.
Your will is overpowered!
You are more confused.
Unknown command.
You feel yourself speed up. The goblin misses you.
Ijyb zaps a wand.
Your will is overpowered!
You are more confused.
You tentacle-slap Ijyb.
Ijyb is lightly wounded.
Ijyb no longer looks unusually strong.
The goblin hits you with a +0 dagger.
You die...

.......# #.......#
.......#####.#####.#
....#....##..#####.#
...................#
.#####....##≈~.....#
.# #..###≈≈##≈...#
.# #..≈≈≈≈#≈≈#...#
†# #.##≈≈≈≈≈≈##.##
.# #.#≈≈#≈≈≈#≈hg#
.## ##.#≈≈≈≈≈≈≈≈#g##
..#
#..#~≈#≈≈#≈##gg###
#.#
#...#≈≈≈≈≈≈#...g.#
#)#
#...###≈≈#~#..##g#
#.#
#.....#~##....##S#
#.#
#..)..........##.K
#.#
#............###...
#.###.........####
#gg..


You could see Ijyb, Robin, an adder, 2 hobgoblins, 2 goblins and a kobold.

Vanquished Creatures
  2 adders (D:2)
  7 ball pythons
  10 bats
  4 endoplasms
  A giant cockroach (D:1)
  11 goblins
  5 hobgoblins
  4 jackals (D:1)
  8 kobolds
  4 quokkas (D:1)
  3 frilled lizards
  3 rats (D:2)
62 creatures vanquished.

Notes
Turn   | Place    | Note
-------+----------+-------------------------------------------
     0 | D:1      | timneilson the Octopode Shapeshifter began the quest for
                  | the Orb.
     0 | D:1      | Reached XP level 1. HP: 13/13 MP: 1/1
   113 | D:1      | Reached XP level 2. HP: 14/18 MP: 2/2
   137 | D:1      | Got the Anthology of the Volley
   228 | D:1      | Reached XP level 3. HP: 20/23 MP: 3/3
   646 | D:2      | Reached skill level 1 in Stealth
   760 | D:2      | Reached XP level 4. HP: 20/29 MP: 4/4
  1343 | D:3      | Noticed Ijyb
  1344 | D:3      | Noticed Robin
  1357 | D:3      | HP: 1/29 [goblin/+0 dagger (4)]
  1360 | D:3      | Slain by a goblin

Illustrated notes

Levels and vault maps discovered:
D:1:      erik_arrival_blinker_ship, layout_rooms, nrook_mini_vaults
D:2:      layout_loops_cross, minmay_small_reverse_x
D:3:      layout_loops_cross, minivault_4, nicolae_goblin_pals

Skill      XL: |  1  2  3  4 |
---------------+-------------+-----
Stealth        | 1 |  1.3
Fighting       | 2 |  2.1
Dodging        | |  2.8
Unarmed Combat | |  3.6
Shapeshifting  | |  3.4

Action                     |  1- 3 |  4- 6 || total
---------------------------+-------+-------++-------
  Melee: Unarmed           |    70 |    30 ||   100
         Constrict         |    16 |     8 ||    24
         Tentacles         |     8 |     8 ||    16
         Punch             |       |     1 ||     1
    Use: Scroll            |     4 |     1 ||     5
         Potion            |       |     1 ||     1
   Stab: Sleeping          |     6 |     4 ||    10
 Armour: Skin              |    24 |    21 ||    45
  Dodge: Dodged            |    36 |    15 ||    51

Table legend: (Time is in decaauts)
 A = Elapsed time spent in this place.
 B = Non-inter-level travel time spent in this place.
 C = Inter-level travel time spent in this place.
 D = Time resting spent in this place.
 E = Time spent auto-exploring this place.
 F = Levels seen in this place.
 G = Mean time per level.
                   A        B        C        D        E       F      G
               +--------+--------+--------+--------+--------+-----+--------+
         Total |   1353 |   1307 |     46 |      0 |    910 |   3 |  451.0 |
       Dungeon |   1353 |   1307 |     46 |      0 |    910 |   3 |  451.0 |
               +--------+--------+--------+--------+--------+-----+--------+

Top non-repeatable levels by time:
     D:2: 711 daAuts
     D:1: 509 daAuts
     D:3: 133 daAuts
